Map: Ghost River LE

Players

ManlyManMeat

  • Race: Zerg Zerg
  • Spawn Location: 11:00

VOD

Have the link to the VOD?

Description

Time

  • Played on: Sept. 10, 2024, 12:46 p.m.
  • Length: 8:54
Show
View Real Time Build Order
Export as new Build Order

ManlyManMeat Zerg 

Build Orders:  

Get SALT Encoding   

  12  0:00  Drone  
  13  0:12  Drone  
  14  0:23  Overlord  
  14  0:49  Drone x2  
  16  0:59  Drone  
  17  1:14  Hatchery  
  17  1:18  Drone  
  17  1:25  Drone  
  17  1:28  Extractor  
  17  1:45  Spawning Pool  
  17  1:49  Drone  
  17  2:02  Drone  
  18  2:10  Drone  
  19  2:20  Drone  
  20  2:37  Drone  
  21  2:49  Drone  
  22  2:54  Queen  
  22  2:56  Queen  
  26  3:10  Drone x2  
  26  3:16  Overlord  
  28  3:45  Drone, Zergling x6  
  32  3:56  Drone x2  
  34  4:06  Overlord  
  34  4:18  Hatchery  
  33  4:24  Overlord  
  33  4:25  Overlord  
  33  4:45  Queen  
  35  4:58  Drone x3  
  35  4:59  Drone x3  
  38  5:00  Drone x2  
  38  5:09  Zergling x2  
  41  5:23  Metabolic Boost, Drone  
  41  5:28  Extractor, Drone  
  42  5:33  Drone  
  42  5:34  Drone  
  44  5:59  Drone x4  
  48  6:11  Overlord  
  48  6:16  Drone x2  
  50  6:30  Overlord  
  50  6:34  Overlord  
  50  6:37  Drone x7  
  57  6:47  Drone x2  
  59  6:50  Evolution Chamber  
  59  6:52  Evolution Chamber  
  57  7:05  Zergling x8  
  61  7:22  Drone, Overlord  
  61  7:23  Overlord  
  61  7:24  Overlord  
  61  7:28  Overlord x2  
  62  7:30  Drone, Zergling x6  
  66  7:53  Zergling x18  
  75  8:02  Drone x2  
Tags
 
Matchup
Co-op
Replay Pack
ee
Add a new tag
Caveats
  • Supply blocks, unpowered buildings, or Contaminate may cause inaccurate times.
  • Supply counts are checked every 10 seconds.